TOP OF THE 1ST |
---|
Riverside Red Bulls batting - Pitching for San Diego Smashers : RHP Chris Jacobs | Pitching: RHP Chris Jacobs | | Batting: SHB Carlos Ram甏ez | 0-0: Called Strike 0-1: Ball 1-1: Called Strike 1-2: Ball 2-2: Reached via error on a dropped throw, E1 | Batting: SHB 聲gel Estrada | 0-0: Called Strike 0-1: Ball 1-1: Fielders Choice at 2nd, 6-4 (Groundball, 6) | Batting: RHB Patrick Daniels | 0-0: Called Strike 0-1: Ball 聲gel Estrada is caught stealing 2nd base 1-1: Called Strike 1-2: Ball 2-2: Strikes out swinging | Top of the 1st over - 0 runs, 0 hits, 1 error, 0 left on base; Riverside 0 - San Diego 0 | BOTTOM OF THE 1ST |
---|
San Diego Smashers batting - Pitching for Riverside Red Bulls : RHP Ricardo Marino | Pitching: RHP Ricardo Marino | | Batting: RHB Manny Torrez | 0-0: Foul Ball, location: 2F 0-1: Ball 1-1: Ball 2-1: Foul Ball, location: 2F 2-2: Ball 3-2: Base on Balls | Batting: RHB Gustavo Torres | 0-0: Called Strike 0-1: Foul Ball, location: 2F 0-2: Ball 1-2: Strikes out swinging | Batting: LHB John White | 0-0: Ball Manny Torrez steals 2nd base 1-0: Ball 2-0: Ball 3-0: Called Strike 3-1: SINGLE (Line Drive, 56D) Manny Torrez to third Runner from 3rd tries for Home, SAFE, no throw | Batting: LHB Richard Brooks | 0-0: Called Strike 0-1: Foul Ball, location: 2F 0-2: Strikes out swinging | Batting: RHB Gerald Davis | 0-0: Called Strike 0-1: Ball 1-1: Called Strike 1-2: Strikes out looking | Bottom of the 1st over - 1 run, 1 hit, 0 errors, 1 left on base; Riverside 0 - San Diego 1 | TOP OF THE 2ND |
---|
Riverside Red Bulls batting - Pitching for San Diego Smashers : RHP Chris Jacobs | Batting: RHB Luis Bustamante | 0-0: Ball 1-0: Ground out 6-3 (Groundball, 6) | Batting: RHB Bobby Miller | 0-0: SINGLE (Groundball, 34S) (infield hit) | Batting: RHB Zack Flint | 0-0: Foul Ball, location: 2F 0-1: Ball 1-1: DOUBLE (Line Drive, 7LM) Bobby Miller to third | Batting: LHB Miguel G嫮vez | 0-0: Swinging Strike 0-1: Ball 1-1: Ball 2-1: Swinging Strike 2-2: Fly out, F1 (Line Drive, 13) | Batting: RHB Lakota O'Reilly | 0-0: Swinging Strike 0-1: Ball 1-1: SINGLE (Line Drive, 34) Bobby Miller scores Zack Flint to third | Batting: RHB Pete Woods | 0-0: Ball 1-0: Ball 2-0: Ball 3-0: Called Strike 3-1: Swinging Strike 3-2: DOUBLE (Flyball, 8RD) Zack Flint scores Lakota O'Reilly to third Lakota O'Reilly scores | Batting: SHB Carlos Ram甏ez | 0-0: Foul Ball, location: 2F 0-1: Swinging Strike 0-2: Strikes out swinging | Top of the 2nd over - 3 runs, 4 hits, 0 errors, 1 left on base; Riverside 3 - San Diego 1 | BOTTOM OF THE 2ND |
---|
San Diego Smashers batting - Pitching for Riverside Red Bulls : RHP Ricardo Marino | Batting: RHB Fred Ameris | 0-0: Ball 1-0: Called Strike 1-1: Ball 2-1: Foul Ball, location: 2F 2-2: Strikes out swinging | Batting: RHB Ray Rogers | 0-0: Called Strike 0-1: Fly out, F9 (Flyball, 9S) | Batting: SHB Michael Aisher | 0-0: Called Strike 0-1: Ground out 6-3 (Groundball, 6D) | Bottom of the 2nd over - 0 runs, 0 hits, 0 errors, 0 left on base; Riverside 3 - San Diego 1 | TOP OF THE 3RD |
---|
Riverside Red Bulls batting - Pitching for San Diego Smashers : RHP Chris Jacobs | Batting: SHB 聲gel Estrada | 0-0: Ball 1-0: Called Strike 1-1: Foul Ball, location: 2F 1-2: Strikes out swinging | Batting: RHB Patrick Daniels | 0-0: Ground out 4-3 (Groundball, 4) | Batting: RHB Luis Bustamante | 0-0: Called Strike 0-1: Foul Ball, location: 2F 0-2: Ball 1-2: Strikes out swinging | Top of the 3rd over - 0 runs, 0 hits, 0 errors, 0 left on base; Riverside 3 - San Diego 1 | BOTTOM OF THE 3RD |
---|
San Diego Smashers batting - Pitching for Riverside Red Bulls : RHP Ricardo Marino | Batting: RHB Dave King | 0-0: Foul Ball, location: 2F 0-1: Ball 1-1: Foul Ball, location: 2F 1-2: Ball 2-2: SINGLE (Line Drive, 34) | Batting: RHB Manny Torrez | 0-0: Called Strike 0-1: Foul Ball, location: 2F 0-2: Strikes out looking | Batting: RHB Gustavo Torres | 0-0: Foul Ball, location: 2F 0-1: Ball Wild Pitch! Dave King to second 1-1: Ball 2-1: SINGLE (Flyball, 78S) Dave King to third | Batting: LHB John White | 0-0: Ball Passed Ball! Dave King scores Gustavo Torres to second 1-0: Called Strike 1-1: Ball 2-1: Ball Passed Ball! Gustavo Torres to third 3-1: SINGLE (Flyball, 78S) Gustavo Torres scores | Batting: LHB Richard Brooks | 0-0: Ball 1-0: Ball 2-0: Called Strike 2-1: Swinging Strike 2-2: Ball 3-2: Strikes out swinging | Batting: RHB Gerald Davis | 0-0: Ball 1-0: Ball 2-0: Swinging Strike 2-1: Foul Ball, location: 2F 2-2: Fly out, F8 (Flyball, 89D) | Bottom of the 3rd over - 2 runs, 3 hits, 0 errors, 1 left on base; Riverside 3 - San Diego 3 | TOP OF THE 4TH |
---|
Riverside Red Bulls batting - Pitching for San Diego Smashers : RHP Chris Jacobs | Batting: RHB Bobby Miller | 0-0: Swinging Strike 0-1: Ball 1-1: Swinging Strike 1-2: Strikes out swinging | Batting: RHB Zack Flint | 0-0: Ball 1-0: Ball 2-0: Foul Ball, location: 2F 2-1: Ball 3-1: Called Strike 3-2: Ground out 5-3 (Groundball, 56S) | Batting: LHB Miguel G嫮vez | 0-0: Ball 1-0: Ball 2-0: Foul Ball, location: 2F 2-1: Swinging Strike 2-2: Foul Ball, location: 2F 2-2: Strikes out swinging | Top of the 4th over - 0 runs, 0 hits, 0 errors, 0 left on base; Riverside 3 - San Diego 3 | BOTTOM OF THE 4TH |
---|
San Diego Smashers batting - Pitching for Riverside Red Bulls : RHP Ricardo Marino | Batting: RHB Fred Ameris | 0-0: Called Strike 0-1: Ball 1-1: DOUBLE (Flyball, 89XD) | Batting: RHB Ray Rogers | 0-0: Ball 1-0: Ball 2-0: DOUBLE (Line Drive, 7LS) Fred Ameris scores | Batting: SHB Michael Aisher | 0-0: Called Strike 0-1: Ball 1-1: Ground out 5-3 (Groundball, 5L) | Batting: RHB Dave King | 0-0: Ground out 4-3 (Groundball, 4) Ray Rogers to third | Batting: RHB Manny Torrez | 0-0: Called Strike 0-1: Foul Ball, location: 2F 0-2: Strikes out swinging | Bottom of the 4th over - 1 run, 2 hits, 0 errors, 1 left on base; Riverside 3 - San Diego 4 | TOP OF THE 5TH |
---|
Riverside Red Bulls batting - Pitching for San Diego Smashers : RHP Chris Jacobs | Batting: RHB Lakota O'Reilly | 0-0: Ball 1-0: Called Strike 1-1: Ball 2-1: Ball 3-1: Base on Balls | Batting: RHB Pete Woods | 0-0: Ball Lakota O'Reilly steals 2nd base 1-0: Called Strike 1-1: Swinging Strike 1-2: Foul Ball, location: 2F 1-2: Ball 2-2: Foul Ball, location: 2F 2-2: Strikes out swinging | Batting: SHB Carlos Ram甏ez | 0-0: Ball 1-0: SINGLE (Groundball, 34S) (infield hit) Lakota O'Reilly to third | Batting: SHB 聲gel Estrada | 0-0: Ball 1-0: Called Strike 1-1: Swinging Strike 1-2: Foul Ball, location: 2F 1-2: Foul Ball, location: 2F 1-2: Foul Ball, location: 2F 1-2: Ball 2-2: Strikes out swinging | Batting: RHB Patrick Daniels | 0-0: Ball 1-0: Called Strike 1-1: Ball 2-1: Ball 3-1: Fly out, F7 (Flyball, 78S) | Top of the 5th over - 0 runs, 1 hit, 0 errors, 2 left on base; Riverside 3 - San Diego 4 | BOTTOM OF THE 5TH |
---|
San Diego Smashers batting - Pitching for Riverside Red Bulls : RHP Ricardo Marino | Batting: RHB Gustavo Torres | 0-0: Foul Ball, location: 2F 0-1: Hit by Pitch | Pinch Runner at 1st Juan Morales: | | Batting: LHB John White | 0-0: Called Strike 0-1: Swinging Strike 0-2: Fly out, F7 (Flyball, 7S) | Batting: LHB Richard Brooks | 0-0: Ball Wild Pitch! Juan Morales to second 1-0: Foul Ball, location: 2F 1-1: Ball 2-1: Called Strike 2-2: Ball 3-2: Foul Ball, location: 2F 3-2: Fly out, F7 (Flyball, 7D) | Batting: RHB Gerald Davis | 0-0: Ball 1-0: Ball 2-0: Ground out U3 (Groundball, 34) | Bottom of the 5th over - 0 runs, 0 hits, 0 errors, 1 left on base; Riverside 3 - San Diego 4 | TOP OF THE 6TH |
---|
Riverside Red Bulls batting - Pitching for San Diego Smashers : RHP Chris Jacobs | Now in CF: Juan Morales | | Batting: RHB Luis Bustamante | 0-0: Ball 1-0: Swinging Strike 1-1: Foul Ball, location: 2F 1-2: Strikes out swinging | Batting: RHB Bobby Miller | 0-0: Ground out U3 (Groundball, 34S) | Batting: RHB Zack Flint | 0-0: Foul Ball, location: 2F 0-1: Foul Ball, location: 2F 0-2: Ball 1-2: Strikes out swinging | Top of the 6th over - 0 runs, 0 hits, 0 errors, 0 left on base; Riverside 3 - San Diego 4 | BOTTOM OF THE 6TH |
---|
San Diego Smashers batting - Pitching for Riverside Red Bulls : RHP Ricardo Marino | Batting: RHB Fred Ameris | 0-0: Swinging Strike 0-1: Ball 1-1: Swinging Strike 1-2: Ball 2-2: Strikes out swinging | Batting: RHB Ray Rogers | 0-0: SINGLE (Line Drive, 78S) | Batting: SHB Michael Aisher | 0-0: Called Strike 0-1: Fly out, F2 (Popup, 25F) | Batting: RHB Dave King | 0-0: Called Strike 0-1: Ball Passed Ball! Ray Rogers to second 1-1: Ball 2-1: Foul Ball, location: 2F 2-2: Ball 3-2: SINGLE (Line Drive, 9LS) Ray Rogers to third Ray Rogers scores | Batting: RHB Manny Torrez | 0-0: Ball 1-0: Ball 2-0: Ball 3-0: Called Strike 3-1: Foul Ball, location: 2F 3-2: Ground out U3 (Groundball, 3) | Bottom of the 6th over - 1 run, 2 hits, 0 errors, 1 left on base; Riverside 3 - San Diego 5 | TOP OF THE 7TH |
---|
Riverside Red Bulls batting - Pitching for San Diego Smashers : RHP Chris Jacobs | Batting: LHB Miguel G嫮vez | 0-0: Foul Ball, location: 2F 0-1: Ball 1-1: Ground out U3 (Groundball, 3) | Batting: RHB Lakota O'Reilly | 0-0: Swinging Strike 0-1: Called Strike 0-2: Ball 1-2: Foul Ball, location: 2F 1-2: SINGLE (Groundball, 56D) | Pitching: LHP Alejandro Flores | | Batting: RHB Pete Woods | 0-0: Called Strike Lakota O'Reilly steals 2nd base 0-1: Ball 1-1: Foul Ball, location: 2F 1-2: Ball 2-2: Strikes out swinging | Batting: SHB Carlos Ram甏ez | 0-0: Ground out 6-3 (Groundball, 6) | Top of the 7th over - 0 runs, 1 hit, 0 errors, 1 left on base; Riverside 3 - San Diego 5 | BOTTOM OF THE 7TH |
---|
San Diego Smashers batting - Pitching for Riverside Red Bulls : RHP Ricardo Marino | Pitching: RHP Juan Herrera | | Batting: RHB Juan Morales | 0-0: Ball 1-0: SINGLE (Line Drive, 89M) | Batting: LHB John White | 0-0: Grounds into double play, 5-4-3 (Groundball, 56) | Batting: LHB Richard Brooks | 0-0: Called Strike 0-1: Foul Ball, location: 2F 0-2: Ball 1-2: Foul Ball, location: 2F 1-2: Strikes out swinging | Bottom of the 7th over - 0 runs, 1 hit, 0 errors, 0 left on base; Riverside 3 - San Diego 5 | TOP OF THE 8TH |
---|
Riverside Red Bulls batting - Pitching for San Diego Smashers : LHP Alejandro Flores | Batting: SHB 聲gel Estrada | 0-0: Fly out, F9 (Flyball, 9S) | Batting: RHB Patrick Daniels | 0-0: Foul Ball, location: 2F 0-1: Ball 1-1: Ground out U3 (Groundball, 3) | Batting: RHB Luis Bustamante | 0-0: Foul Ball, location: 2F 0-1: Ball 1-1: Ball 2-1: Ball 3-1: Called Strike 3-2: Strikes out swinging | Top of the 8th over - 0 runs, 0 hits, 0 errors, 0 left on base; Riverside 3 - San Diego 5 | BOTTOM OF THE 8TH |
---|
San Diego Smashers batting - Pitching for Riverside Red Bulls : RHP Juan Herrera | Batting: RHB Gerald Davis | 0-0: Ball 1-0: Foul Ball, location: 2F 1-1: Foul Ball, location: 2F 1-2: Ball 2-2: Foul Ball, location: 2F 2-2: Foul Ball, location: 2F 2-2: Foul Ball, location: 2F 2-2: Strikes out swinging | Batting: RHB Fred Ameris | 0-0: Ball 1-0: Foul Ball, location: 2F 1-1: Ball 2-1: Foul Ball, location: 2F 2-2: Fly out, F5 (Flyball, 56D) | Batting: RHB Ray Rogers | 0-0: DOUBLE (Flyball, 78D) | Batting: SHB Michael Aisher | 0-0: Ball 1-0: Ball 2-0: Called Strike 2-1: SINGLE (Groundball, 6D) Ray Rogers to third Runner from 3rd tries for Home, SAFE, no throw | Batting: RHB Dave King | 0-0: Called Strike 0-1: Foul Ball, location: 2F 0-2: Ball 1-2: Ball 2-2: Fly out, F9 (Flyball, 89D) | Bottom of the 8th over - 1 run, 2 hits, 0 errors, 1 left on base; Riverside 3 - San Diego 6 | TOP OF THE 9TH |
---|
Riverside Red Bulls batting - Pitching for San Diego Smashers : LHP Alejandro Flores | Pitching: RHP Bobby Booker | | Batting: RHB Bobby Miller | 0-0: Ground out 5-3 (Groundball, 56S) | Batting: RHB Zack Flint | 0-0: Swinging Strike 0-1: Called Strike 0-2: Strikes out swinging | Batting: LHB Miguel G嫮vez | 0-0: Foul Ball, location: 2F 0-1: Foul Ball, location: 2F 0-2: Ball 1-2: Strikes out looking | Top of the 9th over - 0 runs, 0 hits, 0 errors, 0 left on base; Riverside 3 - San Diego 6 | |